Map: Winter Madness LE

Players

FalconsSolar (Solar)

  • Race: Zerg Zerg
  • Spawn Location: 11:00

MaxPax - Winner!

  • Race: Protoss Protoss
  • Spawn Location: 5:00

VOD

Have the link to the VOD?

Description

Time

  • Played on: Nov. 13, 2025, 6:07 a.m.
  • Length: 14:12
Show
View Real Time Build Order
Export as new Build Order

FalconsSolar Zerg 

Build Orders: Hatch First 

Get SALT Encoding   

  12  0:00  Drone  
  13  0:07  Drone  
  14  0:14  Extractor  
  14  0:15  Drone  
  15  0:22  Overlord  
  15  0:41  Drone  
  16  0:46  Hatchery  
  16  0:49  Drone  
  16  0:52  Drone  
  16  0:56  Drone  
  18  1:06  Extractor  
  17  1:12  Spawning Pool  
  17  1:14  Drone  
  17  1:17  Drone  
  18  1:26  Drone  
  19  1:37  Drone  
  20  1:48  Drone  
  21  1:58  Drone  
  21  1:59  Queen x2, Overlord  
  26  2:09  Drone  
  26  2:10  Drone  
  26  2:11  Metabolic Boost  
  28  2:19  Drone  
  28  2:20  Drone  
  30  2:30  Hatchery  
  30  2:32  Drone  
  30  2:36  Drone  
  31  2:41  Overlord  
  31  2:46  Queen  
  31  2:48  Drone  
  34  2:53  Drone x2  
  36  3:02  Zergling x2  
  36  3:03  Overlord  
  37  3:07  Drone x3  
  37  3:08  Drone x2  
  37  3:09  Drone  
  43  3:15  Zergling x2  
  44  3:21  Queen  
  44  3:24  Spore Crawler, Drone  
  46  3:27  Queen  
  46  3:30  Zergling x2  
  46  3:32  Overlord  
  49  3:36  Zergling x2  
  49  3:39  Drone  
  49  3:40  Zergling x2  
  52  3:43  Spore Crawler  
  49  3:53  Evolution Chamber  
  49  3:54  Drone x4  
  49  3:55  Drone  
  50  3:57  Drone  
  50  3:59  Drone  
  50  4:01  Drone  
  53  4:03  Drone  
  53  4:06  Drone  
  53  4:07  Drone  
  56  4:13  Overlord  
  56  4:15  Drone x2  
  58  4:17  Extractor  
  58  4:18  Spore Crawler  
  58  4:23  Drone  
  59  4:26  Zerg Melee Weapons Level 1  
  59  4:31  Drone x2  
  61  4:33  Drone x2  
  61  4:36  Hatchery  
  61  4:37  Drone x2  
  64  4:40  Overlord  
  64  4:44  Lair  
  64  4:45  Extractor  
  63  4:46  Drone  
  63  4:47  Drone  
  63  4:50  Drone x3  
  68  4:54  Zergling x6  
  68  4:55  Zergling x2  
  68  4:56  Drone  
  68  4:59  Baneling Nest  
  72  5:00  Overlord  
  72  5:06  Spore Crawler, Drone x3  
  72  5:07  Drone  
  73  5:09  Drone  
  73  5:12  Drone  
  73  5:13  Drone x2  
  78  5:14  Drone x2  
  78  5:20  Drone  
  78  5:21  Extractor x2  
  79  5:22  Extractor  
  79  5:25  Drone  
  79  5:26  Drone  
  79  5:27  Zergling x4  
  81  5:30  Zergling x2  
  81  5:34  Overlord  
  83  5:35  Zergling x2  
  83  5:37  Drone x3  
  86  5:45  Drone  
  86  5:46  Zergling x2, Hydralisk Den  
  86  5:47  Overseer  
  86  5:49  Drone x2  
  89  5:52  Zergling x6  
  89  5:53  Queen  
  89  5:56  Overlord  
  96  5:57  Drone  
  96  5:59  Drone  
  96  6:02  Overlord  
  96  6:03  Zergling x6  
  99  6:05  Overlord  
  99  6:10  Overlord  
  99  6:12  Drone  
  99  6:13  Drone  
  99  6:15  Grooved Spines, Hydralisk x3  
  99  6:17  Drone  
  108  6:18  Extractor  
  108  6:20  Drone x3  
  110  6:27  Hydralisk x4  
  110  6:31  Zergling x2  
  110  6:32  Zergling x4  
  119  6:33  Drone  
  119  6:35  Drone  
  119  6:36  Drone  
  119  6:37  Hatchery  
  116  6:41  Drone x3, Zerg Missile Weapons Level 1  
  116  6:45  Drone  
  116  6:46  Drone  
  121  6:47  Centrifugal Hooks  
  121  6:51  Hydralisk x4  
  129  6:55  Zergling x8  
  129  6:57  Overlord  
  129  6:58  Zergling x2  
  129  6:59  Overseer  
  133  7:03  Zergling x2  
  133  7:04  Zergling x6  
  133  7:05  Muscular Augments  
  135  7:09  Overlord  
  135  7:13  Overlord  
  135  7:15  Hydralisk x5  
  134  7:19  Hydralisk x2  
  143  7:24  Overlord  
  143  7:28  Overlord, Hydralisk x3  
  143  7:29  Hydralisk  
  151  7:30  Zergling x2  
  151  7:31  Zergling x4  
  151  7:35  Overlord  
  154  7:38  Hydralisk x2  
  154  7:42  Zergling x2  
  154  7:43  Spine Crawler  
  158  7:47  Zergling x12  
  158  7:48  Hydralisk x2  
  167  7:52  Overlord  
  167  7:53  Zergling x4  
  169  8:00  Zergling x2  
  169  8:01  Zergling x4  
  169  8:02  Baneling x12  
  169  8:04  Baneling x3  
  169  8:05  Baneling, Zergling x10  
  177  8:08  Zergling x6  
  177  8:11  Baneling x3  
  180  8:13  Overlord  
  180  8:14  Zergling x6  
  180  8:15  Baneling x2  
  180  8:16  Baneling x2  
  182  8:20  Zergling x12  
  182  8:23  Zergling x6  
  188  8:33  Hydralisk x2  
  165  8:35  Zergling x16  
  165  8:38  Zergling x2  
  168  8:44  Hydralisk  
  168  8:45  Hydralisk  
  168  8:46  Zergling x10  
  166  8:48  Hydralisk  
  166  8:54  Hydralisk x2  
  160  8:58  Zergling x4  
  160  8:59  Zergling x2  
  160  9:01  Baneling x16  
  161  9:05  Baneling x2, Zergling x2  
  161  9:06  Zergling x2  
  161  9:08  Zergling x4  
  165  9:11  Baneling x4  
  165  9:13  Zergling x14  
  165  9:15  Zergling x4  
  174  9:19  Hatchery  
  174  9:20  Zergling x2  
  174  9:21  Zergling x8  
  178  9:28  Zergling x12  
  178  9:30  Zergling x2  
  183  9:35  Zerg Melee Weapons Level 2  
  183  9:37  Zergling x6  
  181  9:41  Zergling x20  
  186  9:51  Hydralisk x2  
  183  9:54  Zergling x10  
  183  9:59  Baneling x14  
  179  10:00  Baneling x5, Zergling x8  
  179  10:01  Zergling x2  
  179  10:04  Zergling x4  
  183  10:09  Hydralisk x3  
  183  10:12  Zergling x10  
  192  10:15  Hydralisk  
  192  10:16  Hydralisk  
  187  10:24  Zergling x2  
  187  10:25  Zergling x14  
  192  10:34  Hydralisk x2  
  170  10:37  Zergling x30  
  177  10:43  Hydralisk  
  177  10:47  Zergling x10  
  174  10:50  Baneling x9  
  174  10:54  Zergling x6  
  174  10:56  Hydralisk x2  
  177  10:58  Zergling x2  
  177  10:59  Zergling x4  
  177  11:00  Drone x3  
  177  11:03  Zergling x2  
  188  11:06  Zergling x8  
  188  11:07  Baneling  
  188  11:08  Baneling x13  
  187  11:19  Zergling x22  
  187  11:21  Baneling  
  187  11:22  Baneling x9, Zergling x2  
  187  11:23  Zergling x2  
  195  11:29  Hydralisk  
  174  11:35  Zergling x18  
  174  11:38  Hydralisk x3  
  177  11:40  Hydralisk  
  177  11:42  Zergling x4  
  161  11:50  Hydralisk x4  
  161  11:53  Zergling x4  
  149  11:55  Zergling x4  
  149  11:57  Zergling x4  
  149  11:59  Zergling x4  
  149  12:00  Zergling x2  
  153  12:03  Hydralisk x2  
  153  12:06  Baneling x4  
  156  12:10  Zergling x10  
  156  12:14  Baneling x4  
  156  12:15  Zergling x8  
  161  12:17  Zergling x2  
  161  12:18  Zergling x4  
  165  12:22  Zergling x2  
  165  12:23  Zergling x10  
  165  12:27  Baneling x7  
  168  12:30  Zergling x10  
  168  12:33  Zergling x2  
  168  12:34  Zergling x6  
  173  12:37  Zergling x10  
  173  12:39  Hydralisk  
  173  12:40  Zergling x4  
  173  12:43  Zergling x6  
  174  12:45  Zergling x4  
  174  12:49  Zergling x10  
  175  12:57  Zergling x14  
  181  12:58  Baneling x6  
  181  12:59  Baneling x2  
  181  13:01  Zergling x4, Baneling x3  
  181  13:02  Baneling  
  181  13:05  Hydralisk  
  183  13:10  Hydralisk x3  
  188  13:14  Zergling x8  
  188  13:15  Overseer  
  188  13:16  Overlord  
  188  13:19  Zergling x2  
  191  13:20  Zergling x4  
  191  13:23  Zergling x8  
  191  13:25  Hydralisk  
  154  13:29  Hydralisk  
  154  13:30  Hydralisk x2  
  154  13:33  Hydralisk x2  
  138  13:36  Zergling x6  
  138  13:38  Zergling x6  
  138  13:40  Zergling x2  
  138  13:41  Hydralisk  
  134  13:45  Hydralisk x2  
  134  13:47  Zergling x4  
  115  13:55  Zergling x4  
Show
View Real Time Build Order
Export as new Build Order

MaxPax Protoss - Winner!

Build Orders: 1 Gate Expand, Oracle Opening, Zealot Archon 

Get SALT Encoding   

  12  0:00  Probe  
  13  0:12  Probe  
  14  0:21  Pylon  
  14  0:24  Probe  
  15  0:35  Probe  
  16  0:43  Probe  
  16  0:44  Gateway  
  16  0:46  Assimilator  
  17  0:53  Probe  
  18  1:05  Probe  
  19  1:17  Probe  
  20  1:25  Nexus  
  20  1:31  Cybernetics Core  
  20  1:34  Probe  
  20  1:39  Assimilator  
  21  1:46  Probe  
  22  1:49  Pylon  
  22  1:58  Probe  
  23  2:06  Probe  
  23  2:08  Adept  
  25  2:12  Stargate  
  25  2:14  Probe  
  26  2:22  Warp Gate  
  27  2:25  Probe  
  28  2:33  Probe  
  28  2:37  Probe  
  30  2:38  Adept  
  30  2:41  Probe  
  30  2:44  Oracle  
  32  2:49  Probe  
  32  2:51  Probe  
  38  3:01  Probe  
  38  3:02  Pylon  
  38  3:03  Probe  
  40  3:13  Probe  
  40  3:15  Probe, Oracle  
  42  3:25  Probe  
  46  3:27  Probe  
  46  3:31  Nexus  
  47  3:35  Pylon  
  47  3:38  Probe  
  47  3:40  Probe  
  49  3:51  Probe  
  49  3:52  Probe  
  49  3:58  Oracle  
  49  4:00  Gateway  
  49  4:01  Pylon  
  50  4:03  Probe  
  50  4:04  Probe  
  50  4:07  Assimilator  
  50  4:08  Assimilator  
  52  4:10  Adept  
  52  4:15  Probe  
  52  4:16  Probe  
  56  4:24  Twilight Council  
  56  4:25  Forge  
  56  4:28  Probe x2, Pylon  
  58  4:31  Blink  
  58  4:34  Adept  
  60  4:40  Probe  
  60  4:42  Gateway  
  60  4:43  Probe  
  62  4:46  Probe  
  62  4:47  Gateway  
  63  4:53  Probe, Shield Battery  
  63  4:55  Probe, Adept  
  63  4:56  Protoss Ground Weapons Level 1  
  63  4:58  Probe  
  68  5:05  Probe  
  67  5:07  Probe  
  67  5:10  Probe  
  69  5:17  Probe  
  69  5:19  Probe  
  71  5:22  Probe  
  71  5:25  Gateway  
  71  5:27  Gateway  
  72  5:29  Probe, Pylon  
  72  5:30  Pylon  
  72  5:31  Probe  
  72  5:34  Probe, Stalker x2  
  79  5:40  Assimilator  
  79  5:41  Probe  
  80  5:43  Probe  
  80  5:44  Stalker  
  80  5:45  Assimilator  
  80  5:46  Probe  
  80  5:49  Stalker  
  86  5:55  Probe  
  86  5:56  Probe  
  88  5:59  Templar Archives, Stalker  
  88  6:01  Probe  
  88  6:03  Pylon  
  91  6:07  Probe, Stalker x2  
  91  6:08  Pylon  
  96  6:12  Stalker  
  98  6:28  Psionic Storm  
  98  6:30  Charge  
  98  6:39  Stalker x5  
  108  6:40  Stalker  
  110  6:49  Nexus  
  110  6:50  Pylon  
  110  6:55  Gateway  
  110  6:57  Gateway  
  110  7:01  Protoss Ground Weapons Level 2  
  110  7:04  Zealot x2  
  110  7:05  Zealot x2  
  110  7:06  High Templar x2  
  122  7:15  Probe  
  118  7:22  Gateway  
  118  7:24  Gateway  
  118  7:28  High Templar x2  
  122  7:30  High Templar  
  122  7:31  Zealot  
  122  7:32  Probe  
  122  7:33  Probe  
  122  7:34  Probe  
  129  7:42  Pylon, Photon Cannon  
  129  7:43  Photon Cannon  
  129  7:52  Shield Battery, Photon Cannon  
  129  7:54  Photon Cannon, High Templar x2  
  129  7:55  Pylon  
  133  7:59  Archon  
  133  8:00  Probe  
  133  8:01  Pylon  
  133  8:02  Pylon, High Templar  
  133  8:03  Zealot x5  
  133  8:05  Probe x2  
  148  8:10  Assimilator  
  148  8:12  Assimilator  
  148  8:19  Probe x3  
  151  8:23  Zealot x2  
  151  8:24  Zealot x5  
  131  8:39  Stalker x3  
  119  8:48  Zealot x2  
  119  8:49  Zealot x5  
  127  8:56  Probe  
  127  9:01  Photon Cannon  
  127  9:02  Robotics Facility  
  128  9:04  Photon Cannon  
  128  9:05  Photon Cannon  
  128  9:09  High Templar x2  
  132  9:10  High Templar x3  
  132  9:11  High Templar  
  132  9:12  Probe, High Templar  
  132  9:14  Archon x3  
  143  9:19  Stalker x3  
  143  9:20  Probe  
  150  9:28  Protoss Ground Weapons Level 3  
  150  9:38  Probe  
  149  9:41  Zealot x2  
  149  9:42  Zealot x4  
  149  9:44  High Templar x2  
  153  9:51  Archon  
  153  9:52  Photon Cannon  
  140  9:53  Photon Cannon  
  140  9:56  Zealot x2  
  134  10:04  Probe  
  132  10:07  High Templar x3  
  132  10:08  High Templar  
  132  10:12  Archon  
  132  10:13  Archon  
  137  10:16  Probe x2  
  137  10:17  Probe x2  
  137  10:23  Stalker x5  
  137  10:26  Archon  
  137  10:28  Probe  
  131  10:37  Zealot  
  131  10:39  Probe  
  134  10:45  Zealot x5  
  134  10:48  Probe  
  134  10:49  Warp Prism  
  139  10:50  High Templar x3  
  139  10:51  Probe x2  
  139  10:54  Photon Cannon  
  143  11:03  Fleet Beacon  
  143  11:09  High Templar x2  
  147  11:13  Archon  
  141  11:20  Stalker x4  
  143  11:29  Archon  
  143  11:31  Archon x2  
  143  11:32  Zealot x4  
  131  11:47  Zealot x5  
  131  11:52  High Templar x2  
  137  11:55  Observer  
  137  11:57  High Templar x2  
  137  12:00  Nexus  
  128  12:09  High Templar  
  128  12:12  Zealot x5  
  142  12:27  Probe x2  
  144  12:30  Photon Cannon  
  144  12:34  Zealot x4  
  144  12:35  Zealot x2  
  152  12:40  Zealot x2  
  154  12:47  Nexus  
  144  12:54  High Templar x3  
  144  12:55  High Templar  
  144  12:57  High Templar  
  154  12:58  Archon x2  
  152  13:06  Probe  
  152  13:07  Zealot x2  
  152  13:11  Photon Cannon  
  137  13:27  Archon x3  
  137  13:30  Zealot x8  
  137  13:31  Zealot  
  128  13:38  Zealot  
  126  13:42  Probe  
  126  13:46  Probe  
  118  13:53  High Templar x6  
  118  13:54  Zealot x3  
  130  14:00  Archon  
Tags
 
Add a new tag
Caveats
  • Supply blocks, unpowered buildings, or Contaminate may cause inaccurate times.
  • Supply counts are checked every 10 seconds.